 Dungeon Crawl Stone Soup version 0.30.0-18-gc0e69614cb (webtiles) character file.

Game seed: 8923387356021424913

3007 ChrisAssaf the Chopper (level 9, -1/62 (71) HPs)
             Began as a White Draconian Reaver on May 23, 2023.
             Was an Elder of Uskayaw.
             Slain by a wight
             ... wielding a +2 heavy scimitar
              (20 damage)
             ... on level 8 of the Dungeon.
             The game lasted 00:32:17 (7564 turns).

ChrisAssaf the Chopper (White Draconian Reaver)     Turns: 7564, Time: 00:32:18

HP:   -1/62 (71)    AC:  7    Str: 16    XL:     9   Next: 54%
MP:   13/14         EV: 13    Int: 15    God:    Uskayaw [****..]
Gold: 428           SH:  0    Dex: 14    Spells: 3/14 levels left

rFire   + . .        w - +5 mace "Daukk" {venom, rN+ Will- Dex+3 Stlth+}
rCold   + + .        (no shield)
rNeg    + . .        (body armour unavailable)
rPois   .            (helmet restricted)
rElec   .            (no cloak)
rCorr   .            (no gloves)
SInv    .            (no boots)
Will    .....        B - amulet of magic regeneration
Stlth   +++          i - ring of protection from fire
HPRegen 0.30/turn    k - ring of protection from cold
MPRegen 0.54/turn

%: no passive effects
@: short of breath, immotile, heavily drained
A: breathe frost, AC +7, unfitting armour, cold resistance 1, cold-blooded
a: Breathe Frost, Renounce Religion, Stomp, Line Pass


You were on level 8 of the Dungeon.
You worshipped Uskayaw.
Uskayaw was noncommittal.
You visited 2 branches of the dungeon, and saw 9 of its levels.

You collected 428 gold pieces.

Inventory:

Hand Weapons
 a - a +1 hand axe
 l - a +2 heavy hand axe
 t - a +2 hammer of holy wrath
 w - the +5 mace "Daukk" (weapon) {venom, rN+ Will- Dex+3 Stlth+}
   (You found it on level 2 of the Dungeon)

   Dex:       It affects your dexterity (+3).
   rN:        It protects you from negative energy.
   Will:      It decreases your willpower.
   Stlth:     It makes you more stealthy.
Missiles
 b - 4 javelins (quivered)
 r - 8 poisoned darts
Jewellery
 i - a ring of protection from fire (left hand)
 k - a ring of protection from cold (right hand)
 B - an amulet of magic regeneration (around neck)
 H - a ring of ice
Wands
 u - a wand of digging (4)
Scrolls
 c - 4 scrolls of amnesia
 d - 3 scrolls of fear {unknown}
 f - 2 scrolls of magic mapping
 g - 2 scrolls of immolation {unknown}
 p - 3 scrolls of fog
 s - 4 scrolls of blinking {unknown}
 x - a scroll of enchant armour
 y - 2 scrolls of poison {unknown}
 A - 2 scrolls of teleportation
 C - a scroll of noise {unknown}
 F - a scroll of torment {unknown}
Potions
 e - a potion of cancellation {unknown}
 h - a potion of resistance
 j - 3 potions of degeneration {unknown}
 m - a potion of brilliance {unknown}
 n - 8 potions of curing {unknown}
 o - a potion of might {unknown}
 q - a potion of attraction {unknown}
 v - 2 potions of mutation {unknown}
 z - a potion of berserk rage {unknown}
 D - 2 potions of experience {unknown}
 E - a potion of heal wounds
 G - a potion of flight {unknown}


   Skills:
 * Level 4.0 Fighting
 * Level 5.0(5.8) Axes
 * Level 3.1(4.5) Maces & Flails
 * Level 2.5(4.1) Polearms
 * Level 3.4 Throwing
 * Level 3.9 Dodging
 * Level 2.8 Stealth
 + Level 0.8 Unarmed Combat
 * Level 3.3 Spellcasting
 * Level 4.6 Conjurations
 * Level 3.2 Necromancy
 * Level 3.3 Translocations
 * Level 3.0 Transmutations
 * Level 2.2 Earth Magic
 * Level 2.3 Poison Magic
 * Level 2.8 Invocations
 * Level 2.0 Evocations


You had 3 spell levels left.
You knew the following spells:

 Your Spells              Type           Power      Damage    Failure   Level
a - Kiss of Death         Conj/Necr      56%        2d9       3%          1
b - Momentum Strike       Conj/Tloc      28%        3d8       5%          2
c - Wereblood             Tmut           11%        N/A       9%          2
d - Spider Form           Tmut/Pois      10%        N/A       19%         3
e - Stone Arrow           Conj/Erth      24%        3d8       14%         3

Your spell library contained the following spells:

 Spells                   Type           Power      Damage    Failure   Level
 Apportation              Tloc           24%        N/A       4%          1
 Necrotise                Necr           48%        1d6       4%          1
 Beastly Appendage        Tmut           22%        N/A       5%          1
 Sandblast                Erth           18%        2d7       8%          1
 Lesser Beckoning         Tloc           24%        N/A       8%          2
 Passwall                 Tmut/Erth      8%         N/A       10%         2
 Gell's Gravitas          Tloc           12%        N/A       14%         3
 Teleport Other           Tloc           12%        N/A       14%         3
 Summon Small Mammal      Summ           8%         N/A       19%         1
 Hailstorm                Conj/Ice       9%         3d4       22%         3
 Volatile Blastmotes      Fire/Tloc      14%        2d11      28%         3
 Inner Flame              Hex/Fire       2%         N/A       50%         3
 Iskenderun's Mystic Bla  Conj/Tloc      14%        2d5       36%         4
 Flame Wave               Conj/Fire      9%         2d6       58%         4
 Fulminant Prism          Conj/Hex       4%         3d5       58%         4
 Sticky Flame             Conj/Fire      9%         2d3       58%         4
 Lee's Rapid Deconstruct  Erth           4%         3d5*      91%         5
 Dispersal                Tloc           6%         N/A       100%        6
 Simulacrum               Ice/Necr       3%         N/A       100%        6
 Ozocubu's Refrigeration  Ice            1%         4d7       100%        7
 Polar Vortex             Ice            1%         N/A       100%        9


Dungeon Overview and Level Annotations

Branches:
Dungeon (8/15)             Temple (1/1) D:5            Lair (0/5) D:8

Altars:
Ashenzari
Elyvilon
Makhleb
Okawaru
Qazlal
Sif Muna
Trog
Uskayaw
Vehumet
Wu Jian
Xom
Yredelemnul
Zin
The Shining One

Annotations:
D:5 3 runed translucent doors, croobank's ghost, novice GnTm
Temple 2 transporters


Innate Abilities, Weirdness & Mutations

You can breathe waves of freezing cold which knock back foes.
Your icy white scales are hard. (AC +7)
You cannot fit into any form of body armour.
Your flesh is cold resistant. (rC+)
You are cold-blooded and may be slowed by cold attacks.


Message History

Unknown command.
Aiming: Breathe Frost (4% risk of failure)
Press: ? - help, Shift-Dir - straight line, f - wight
Aim: a wight, wielding a +2 great sword and wearing a +0 robe (heavily damaged, 68% to hit)
You exhale a wave of freezing cold.
The freezing breath hits the wight.
The wight resists.
The wight is heavily damaged.
The wight is knocked back by the freezing wind.
The freezing breath hits the wight.
The wight completely resists.
The wight is heavily damaged.
Uskayaw will force your foes to helplessly watch your dance.
Uskayaw prepares the audience for your solo!
Things that are here:
a +3 mace; a +0 robe The helpless wight fails to defend itself.
You hit the wight.
The wight is almost destroyed.
The wight is no longer paralysed.
The wight closely misses you.
Uskayaw prepares the audience for your solo!
The helpless wight fails to defend itself.
You thump the wight!
You destroy the wight!
The wight is no longer paralysed.
Things that are here:
a +2 great sword; a +0 robe The wight closely misses you.
You closely miss the wight.
Casting: Stone Arrow (dangerous; 14% risk of failure)
Confirm with . or Enter, or press ? or * to list all spells.
Aiming: Momentum Strike (safe; 5% risk of failure)
Press: ? - help, Dir - move target, f - wight
Aim: a wight, wielding a +2 heavy scimitar and wearing a +0 robe (71% to hit)
The concentrated momentum hits the wight!
The wight is almost destroyed.
You are unable to move.
The wight barely misses you.
Uskayaw will force your foes to share their pain.
You hit the wight but do no damage.
Your tail-slap misses the wight.
The wight is almost destroyed.
The wight hits you with a +2 heavy scimitar!!
You die...

.......## ........# ######
........# #....# ........#
#....# ........# #....#
z.......##############....#
z....)....................#
.........z@))..............
........##############.....
.###....# #..... #.....
#..... ##.... #..... #.....
###### #..... ### #......
##.. #...


You could see a wight.

Vanquished Creatures
  Prince Ribbit (D:5)
  A steam dragon (D:8)
  A water moccasin (D:7)
  2 orc warriors
  A sky beast (D:8)
  2 black bears
  4 ogres
  2 phantoms
  A centaur (D:7)
  2 bullfrogs
  7 scorpions
  2 wights (D:8)
  2 howler monkeys (D:6)
  4 jellies
  Crazy Yiuf (D:4)
  5 hounds
  An orc priest (D:7)
  2 iguanas (D:5)
  A sleepcap (D:5)
  4 orc wizards
  Natasha (twice) (D:4)
  11 gnolls
  6 adders
  3 worms
  6 dart slugs
  22 orcs
  10 ball pythons
  4 endoplasms
  A giant cockroach (D:4)
  6 goblins
  3 hobgoblins
  6 jackals (D:3)
  3 quokkas
  8 bats
  2 frilled lizards
  5 kobolds
  8 rats
152 creatures vanquished.

Notes
Turn   | Place    | Note
-------+----------+-------------------------------------------
     0 | D:1      | ChrisAssaf the Draconian Reaver began the quest for the
                  | Orb.
     0 | D:1      | Reached XP level 1. HP: 17/17 MP: 3/3
   199 | D:1      | Reached XP level 2. HP: 21/21 MP: 5/5
   206 | D:1      | Learned a level 2 spell: Momentum Strike
   553 | D:2      | Reached XP level 3. HP: 30/30 MP: 3/6
   788 | D:3      | Found a glowing silver altar of Zin.
   834 | D:3      | Learned a level 2 spell: Wereblood
   992 | D:3      | Reached skill level 1 in Necromancy
  1029 | D:3      | Reached XP level 4. HP: 31/37 MP: 3/7
  1114 | D:3      | Found an ornate altar of the Wu Jian Council.
  1291 | D:4      | Noticed a scorpion
  1294 | D:4      | Killed a scorpion
  1295 | D:4      | Reached skill level 1 in Stealth
  1295 | D:4      | Reached skill level 1 in Translocations
  1295 | D:4      | Reached XP level 5. HP: 35/42 MP: 4/8
  1309 | D:4      | Found a glowing golden altar of the Shining One.
  1314 | D:4      | Became a worshipper of the Shining One
  1412 | D:4      | Learned a level 3 spell: Spider Form
  1543 | D:4      | Noticed a phantom
  1544 | D:4      | Noticed Natasha
  1553 | D:4      | Reached skill level 4 in Axes
  1553 | D:4      | Reached skill level 1 in Transmutations
  1557 | D:4      | Killed Natasha
  1558 | D:4      | Reached XP level 6. HP: 18/50 MP: 1/9
  1750 | D:4      | Reached skill level 1 in Throwing
  2037 | D:4      | Reached skill level 1 in Invocations
  2270 | D:4      | Noticed Natasha
  2277 | D:4      | Killed Natasha
  2278 | D:4      | Your scales start taking on an icy white colour.
  2278 | D:4      | Reached XP level 7. HP: 54/57 MP: 3/11
  2278 | D:4      | Gained mutation: Your flesh is cold resistant. (rC+) [White
                  | Draconian growth]
  2391 | D:4      | Reached skill level 1 in Poison Magic
  2420 | D:4      | Found a runed translucent door.
  2421 | D:4      | Noticed Crazy Yiuf
  2427 | D:4      | Killed Crazy Yiuf
  2887 | D:3      | Found a faded altar of an unknown god.
  2942 | D:3      | Learned a level 3 spell: Stone Arrow
  3332 | D:2      | Identified the +5 mace "Daukk" {venom, rN+ Will- Dex+3
                  | Stlth+}
  4288 | D:5      | Entered Level 5 of the Dungeon
  4296 | D:5      | Found a runed translucent gate.
  4296 | D:5      | Found a runed translucent gate.
  4296 | D:5      | Found a runed translucent gate.
  4528 | D:5      | Reached * piety under the Shining One
  4643 | D:5      | Reached skill level 1 in Earth Magic
  4643 | D:5      | Reached XP level 8. HP: 63/63 MP: 12/12
  4646 | D:5      | Reached skill level 1 in Polearms
  4665 | D:5      | Reached skill level 1 in Maces & Flails
  4726 | D:5      | Noticed croobank's ghost (novice GnTm)
  5040 | D:5      | Noticed Prince Ribbit
  5046 | D:5      | Killed Prince Ribbit
  5307 | D:5      | Found a staircase to the Ecumenical Temple.
  5317 | Temple   | Entered the Ecumenical Temple
  5317 | Temple   | Found a transporter.
  5317 | Temple   | Found a transporter.
  5319 | Temple   | Found a transporter.
  5319 | Temple   | Found a transporter.
  5335 | Temple   | Fell from the grace of the Shining One
  5335 | Temple   | Became a worshipper of Uskayaw the Reveller
  5655 | D:6      | Reached * piety under Uskayaw
  5660 | D:6      | Reached ** piety under Uskayaw
  5669 | D:6      | Reached skill level 1 in Evocations
  5684 | D:6      | Reached *** piety under Uskayaw
  6083 | D:6      | Reached **** piety under Uskayaw
  6668 | D:7      | Reached XP level 9. HP: 71/71 MP: 13/13
  7402 | D:8      | Found a broken altar of Ashenzari.
  7418 | D:8      | Reached skill level 5 in Axes
  7476 | D:8      | Found a staircase to the Lair.
  7564 | D:8      | Slain by a wight

Illustrated notes

Levels and vault maps discovered:
D:1:      dpeg_arrival_boxorama, layout_basic, minmay_misc_feat_columns
D:2:      layout_loops_corners, minmay_vboxes
D:3:      layout_loops_corners, zin_scriptorium, nzn_wu_jian_contemplation,
          shapermc_ecumenical_altar_mp_vishouse, nicolae_figureground_sparkle
D:4:      layout_loops_ring, tso_metal_star, kennysheep_generic_room_2,
          uniq_natasha, uniq_crazy_yiuf_cottage
D:5:      minmay_bubble_buster, layout_loops_ring, temple_green,
          gammafunk_ghost_icy, uniq_prince_ribbit1
D:6:      layout_basic
D:7:      layout_gridville
D:8:      layout_basic, gammafunk_temple_overflow_forgotten,
          nicolae_ashenzari_skybound, grunt_lair_entry_orc_guard_hut,
          dreamdust_princess_bridge
Temple:   hellmonk_temple_divided_pantheon

Skill      XL: |  1  2  3  4  5  6  7  8  9 |
---------------+----------------------------+-----
Dodging        | 2 3 |  3.9
Necromancy     | 1 2 3 |  3.2
Stealth        | 1 2 |  2.8
Translocations | 1 2 3 |  3.3
Axes           | 4 5 |  5.0
Transmutations | 1 2 3 |  3.0
Throwing       | 1 2 3 |  3.4
Fighting       | 3 4 |  4.0
Invocations    | 1 2 |  2.8
Conjurations   | 4 |  4.6
Poison Magic   | 1 2 |  2.3
Earth Magic    | 1 2 |  2.2
Polearms       | 2 |  2.5
Maces & Flails | 2 3 |  3.1
Spellcasting   | 3 |  3.3
Evocations     | 1 2 |  2.0
Unarmed Combat | |  0.8

Action                     |  1- 3 |  4- 6 |  7- 9 || total
---------------------------+-------+-------+-------++-------
  Melee: Hand axe          |    59 |    54 |    13 ||   126
         Tailslap          |     5 |    12 |    16 ||    33
         Mace              |       |       |    70 ||    70
         Unarmed           |       |       |    30 ||    30
  Throw: Boomerang         |       |    13 |    15 ||    28
         Javelin           |       |     4 |    55 ||    59
         Dart              |       |       |     4 ||     4
   Cast: Kiss of Death     |     2 |     1 |     2 ||     5
         Momentum Strike   |    12 |    12 |    11 ||    35
         Wereblood         |       |     1 |       ||     1
         Spider Form       |       |       |     5 ||     5
         Stone Arrow       |       |       |     8 ||     8
 Invoke: Stomp             |       |       |     5 ||     5
Ability: Breathe Frost     |       |       |    45 ||    45
    Use: Scroll            |     4 |     2 |     4 ||    10
         Potion            |     1 |     3 |     1 ||     5
   Stab: Sleeping          |     1 |       |     1 ||     2
         Paralysed         |       |       |     2 ||     2
 Armour: Skin              |    18 |    29 |    40 ||    87
  Dodge: Dodged            |    44 |    64 |   138 ||   246
